HSSL
TACOMA HS TORCHMEN @ INDIANAPOLIS HS CHAOS
05/04/2024
 
TOP OF THE 1ST
Tacoma HS Torchmen batting - Pitching for Indianapolis HS Chaos : RHP Jason McBride
Pitching: RHP Jason McBride
Batting: RHB Cristián Ortega 0-0: Fly out, F4 (Popup, 34D)
Batting: RHB Jeff Vickers 0-0: Called Strike
0-1: Called Strike
0-2: Ball
1-2: Foul Ball, location: 2F
1-2: Ball
2-2: Foul Ball, location: 2F
2-2: Ball
3-2: Base on Balls
Batting: RHB Millard Ferguson 0-0: Called Strike
0-1: 2-RUN HOME RUN (Flyball, 89XD), Distance : 383 ft
Batting: LHB Larry Estes 0-0: Called Strike
0-1: Swinging Strike
0-2: Fly out, F9 (Line Drive, 89M)
Batting: RHB Harold Allen 0-0: Ball
1-0: Called Strike
1-1: Ball
2-1: Ball
3-1: Called Strike
3-2: Base on Balls
Batting: RHB Dexter Wooten 0-0: Swinging Strike
0-1: Ball
1-1: Foul Ball, location: 2F
1-2: Fielders Choice at 2nd, 6-4 (Groundball, 6)
Top of the 1st over - 2 run(s), 1 hit(s), 0 error(s), 0 left on base; Tacoma HS 2 - Indianapolis HS 0
BOTTOM OF THE 1ST
Indianapolis HS Chaos batting - Pitching for Tacoma HS Torchmen : LHP Chad Waterman
Pitching: LHP Chad Waterman
Batting: SHB Mike Burke 0-0: Foul Ball, location: 2F
0-1: Ball
1-1: Ball
2-1: Ball
3-1: Ground out 5-3 (Groundball, 6)
Batting: RHB Robert Blanchard 0-0: Called Strike
0-1: Ball
1-1: Ball
2-1: DOUBLE (Line Drive, 5D)
Batting: LHB Ben Donaldson 0-0: SINGLE (Line Drive, 4MD)
Robert Blanchard to third
Runner from 3rd tries for Home, SAFE, throw made home
Batting: RHB Patrice Charette 0-0: Swinging Strike
0-1: Called Strike
0-2: Ball
1-2: Ground out 5-3 (Groundball, 5S)
Ben Donaldson to second
Batting: SHB Mark Hendree 0-0: Ball
1-0: Ball
2-0: Fly out, F3 (Popup, 3F)
Bottom of the 1st over - 1 run(s), 2 hit(s), 0 error(s), 1 left on base; Tacoma HS 2 - Indianapolis HS 1
TOP OF THE 2ND
Tacoma HS Torchmen batting - Pitching for Indianapolis HS Chaos : RHP Jason McBride
Now at 3B: Johnny Becker
Batting: RHB Dave MacGruder 0-0: Bunt for hit - play at first, batter OUT! 1-3
Batting: RHB Edison Jones 0-0: Ball
1-0: Fly out, F7 (Flyball, 7M)
Batting: RHB Ray Bray 0-0: Ball
1-0: Ball
2-0: Foul Ball, location: 2F
2-1: Ball
3-1: Called Strike
3-2: Foul Ball, location: 2F
3-2: Base on Balls
Batting: RHB Cristián Ortega 0-0: Called Strike
0-1: Fly out, F8 (Flyball, 8LM)
Top of the 2nd over - 0 run(s), 0 hit(s), 0 error(s), 1 left on base; Tacoma HS 2 - Indianapolis HS 1
BOTTOM OF THE 2ND
Indianapolis HS Chaos batting - Pitching for Tacoma HS Torchmen : LHP Chad Waterman
Batting: RHB Martin Hardy 0-0: Called Strike
0-1: Swinging Strike
0-2: SINGLE (Line Drive, 78M)
Batting: LHB Kyle Robbins 0-0: Fly out, F7 (Line Drive, 7M)
Batting: RHB Zander von Strantz 0-0: Ball
1-0: Foul Ball, location: 2F
1-1: Foul Ball, location: 2F
1-2: Strikes out looking
Batting: LHB Robert Lucas 0-0: Ball
1-0: Ball
2-0: Ball
3-0: Base on Balls
Martin Hardy to second
Batting: SHB Mike Burke 0-0: Called Strike
0-1: Ball
1-1: Ball
2-1: Swinging Strike
2-2: Ball
3-2: Foul Ball, location: 2F
3-2: Base on Balls
Martin Hardy to third
Robert Lucas to second
Batting: RHB Johnny Becker 0-0: Called Strike
0-1: Called Strike
0-2: Hit by Pitch
Martin Hardy scores
Robert Lucas to third
Mike Burke to second
Batting: LHB Ben Donaldson 0-0: Ball
1-0: Ball
2-0: Fly out, F8 (Flyball, 8RM)
Bottom of the 2nd over - 1 run(s), 1 hit(s), 0 error(s), 3 left on base; Tacoma HS 2 - Indianapolis HS 2
TOP OF THE 3RD
Tacoma HS Torchmen batting - Pitching for Indianapolis HS Chaos : RHP Jason McBride
Batting: RHB Jeff Vickers 0-0: Called Strike
0-1: Ball
1-1: Foul Ball, location: 2F
1-2: Foul Ball, location: 2F
1-2: Strikes out looking
Batting: RHB Millard Ferguson 0-0: Foul Ball, location: 2F
0-1: Called Strike
0-2: Ground out 6-3 (Groundball, 56)
Batting: LHB Larry Estes 0-0: SOLO HOME RUN (Flyball, 78XD), Distance : 375 ft
Batting: RHB Harold Allen 0-0: Swinging Strike
0-1: Ball
1-1: DOUBLE (Flyball, 78D)
Batting: RHB Dexter Wooten 0-0: Foul Ball, location: 2F
0-1: Swinging Strike
0-2: Strikes out swinging
Top of the 3rd over - 1 run(s), 2 hit(s), 0 error(s), 1 left on base; Tacoma HS 3 - Indianapolis HS 2
BOTTOM OF THE 3RD
Indianapolis HS Chaos batting - Pitching for Tacoma HS Torchmen : LHP Chad Waterman
Batting: RHB Patrice Charette 0-0: Called Strike
0-1: Foul Ball, location: 2F
0-2: Ball
1-2: Foul Ball, location: 2F
1-2: Ball
2-2: Ball
3-2: Foul Ball, location: 2F
3-2: Fly out, F4 (Popup, 4MD)
Batting: SHB Mark Hendree 0-0: Ball
1-0: Swinging Strike
1-1: Ball
2-1: SINGLE (Flyball, 78M)
Batting: RHB Martin Hardy 0-0: Reached on error, E5 (Groundball, 5)
Mark Hendree to second
Batting: LHB Kyle Robbins 0-0: Foul Ball, location: 2F
0-1: Fly out, F9 (Flyball, 9M)
Batting: RHB Zander von Strantz 0-0: Ball
1-0: Called Strike
1-1: Ball
2-1: Foul Ball, location: 2F
2-2: Ball
3-2: DOUBLE (Flyball, 89M)
Mark Hendree scores
Martin Hardy to third
Martin Hardy scores
Batting: LHB Robert Lucas Pickoff Throw to Second - Out!
Bottom of the 3rd over - 2 run(s), 2 hit(s), 1 error(s), 0 left on base; Tacoma HS 3 - Indianapolis HS 4
TOP OF THE 4TH
Tacoma HS Torchmen batting - Pitching for Indianapolis HS Chaos : RHP Jason McBride
Batting: RHB Dave MacGruder 0-0: Ball
1-0: Ground out 6-3 (Groundball, 6S)
Batting: RHB Edison Jones 0-0: SINGLE (Groundball, 56D)
Batting: RHB Ray Bray 0-0: Ball
1-0: Ball
2-0: Called Strike
2-1: Ball
3-1: Base on Balls
Edison Jones to second
Batting: RHB Cristián Ortega 0-0: Called Strike
0-1: Ball
1-1: Foul Ball, location: 2F
1-2: Ball
2-2: Foul Ball, location: 2F
2-2: Foul Ball, location: 2F
2-2: Ball
3-2: Grounds into double play, U4-3 (Groundball, 4)
Top of the 4th over - 0 run(s), 1 hit(s), 0 error(s), 1 left on base; Tacoma HS 3 - Indianapolis HS 4
BOTTOM OF THE 4TH
Indianapolis HS Chaos batting - Pitching for Tacoma HS Torchmen : LHP Chad Waterman
Batting: LHB Robert Lucas 0-0: Called Strike
0-1: Reached on Error, E7 (Flyball, 7LM)
Batting: SHB Mike Burke 0-0: Foul Ball, location: 2F
0-1: Ball
1-1: Ball
2-1: Ball
3-1: Base on Balls
Robert Lucas to second
Batting: RHB Johnny Becker 0-0: Ball
1-0: Ball
2-0: SINGLE (Groundball, 6)
Robert Lucas to third
Mike Burke to second
Runner from 3rd tries for Home, SAFE, throw made home
Mike Burke to third
Johnny Becker to second
Batting: LHB Ben Donaldson 0-0: Ball
1-0: Ball
2-0: Called Strike
2-1: 3-RUN HOME RUN (Flyball, 9D), Distance : 343 ft
Batting: RHB Patrice Charette 0-0: Called Strike
0-1: Swinging Strike
0-2: Fly out, F7 (Flyball, 7S)
Batting: SHB Mark Hendree 0-0: Called Strike
0-1: Ball
1-1: Foul Ball, location: 2F
1-2: Foul Ball, location: 2F
1-2: Foul Ball, location: 2F
1-2: Foul Ball, location: 2F
1-2: Ground out 5-3 (Groundball, 5)
Batting: RHB Martin Hardy 0-0: Fly out, F6 (Popup, 6)
Bottom of the 4th over - 4 run(s), 2 hit(s), 1 error(s), 0 left on base; Tacoma HS 3 - Indianapolis HS 8
TOP OF THE 5TH
Tacoma HS Torchmen batting - Pitching for Indianapolis HS Chaos : RHP Jason McBride
Batting: RHB Jeff Vickers 0-0: Called Strike
0-1: Ball
1-1: Ground out 5-3 (Groundball, 56)
Batting: RHB Millard Ferguson 0-0: Fly out, F7 (Flyball, 7M)
Batting: LHB Larry Estes 0-0: Called Strike
0-1: Ball
1-1: Swinging Strike
1-2: SINGLE (Groundball, 34D)
Batting: RHB Harold Allen 0-0: Ball
1-0: Ball
2-0: Ball
3-0: Base on Balls
Larry Estes to second
Batting: RHB Dexter Wooten 0-0: Ball
1-0: Foul Ball, location: 2F
1-1: Ball
2-1: SINGLE (Groundball, 6MD) (infield hit)
Larry Estes to third
Harold Allen to second
Pitching: RHP Patrick Williams
Batting: RHB Dave MacGruder 0-0: Called Strike
0-1: Ball
1-1: Ball
2-1: Called Strike
2-2: Strikes out swinging
Top of the 5th over - 0 run(s), 2 hit(s), 0 error(s), 3 left on base; Tacoma HS 3 - Indianapolis HS 8
BOTTOM OF THE 5TH
Indianapolis HS Chaos batting - Pitching for Tacoma HS Torchmen : LHP Chad Waterman
Batting: LHB Kyle Robbins 0-0: Called Strike
0-1: SINGLE (Groundball, 6MD)
Batting: RHB Zander von Strantz 0-0: Ball
1-0: Fly out, F7 (Flyball, 7M)
Batting: LHB Robert Lucas 0-0: Called Strike
0-1: Ball
1-1: Fly out, F7 (Flyball, 7LD)
Batting: SHB Mike Burke 0-0: Ball
1-0: Foul Ball, location: 2F
1-1: Ball
2-1: Ground out 5-3 (Groundball, 5)
Bottom of the 5th over - 0 run(s), 1 hit(s), 0 error(s), 1 left on base; Tacoma HS 3 - Indianapolis HS 8
TOP OF THE 6TH
Tacoma HS Torchmen batting - Pitching for Indianapolis HS Chaos : RHP Patrick Williams
Batting: RHB Edison Jones 0-0: Ball
1-0: Reached on Error, E9 (Flyball, 89M)
Batting: RHB Ray Bray 0-0: Ball
1-0: Called Strike
1-1: Ball
Wild Pitch!
Edison Jones to second
2-1: Foul Ball, location: 2F
2-2: Foul Ball, location: 2F
2-2: Ball
3-2: Fly out, F8 (Flyball, 78D)
Batting: RHB Cristián Ortega 0-0: Ball
1-0: Ball
2-0: Ball
3-0: Called Strike
3-1: Base on Balls
Batting: RHB Jeff Vickers 0-0: Ball
1-0: Foul Ball, location: 2F
1-1: Foul Ball, location: 2F
1-2: Ball
2-2: SINGLE (Groundball, 34D)
Edison Jones to third
Cristián Ortega to second
Batting: RHB Millard Ferguson 0-0: TRIPLE (Flyball, 8RM)
Edison Jones scores
Cristián Ortega scores
Jeff Vickers scores
Batting: LHB Larry Estes 0-0: Ball
1-0: Foul Ball, location: 2F
1-1: Foul Ball, location: 2F
1-2: DOUBLE (Line Drive, 89M)
Millard Ferguson scores
Pitching: RHP Pedro Trevino
Batting: RHB Harold Allen 0-0: Ball
1-0: Ball
2-0: Ball
3-0: Called Strike
3-1: 2-RUN HOME RUN (Flyball, 7D), Distance : 365 ft
Batting: RHB Dexter Wooten 0-0: Called Strike
0-1: Ball
1-1: Called Strike
1-2: Foul Ball, location: 2F
1-2: DOUBLE (Flyball, 78M)
Batting: RHB Dave MacGruder 0-0: Ball
1-0: Swinging Strike
1-1: Ball
2-1: Ball
3-1: Base on Balls
Batting: RHB Edison Jones 0-0: Called Strike
0-1: Ball
1-1: Ball
2-1: Foul Ball, location: 2F
2-2: Foul Ball, location: 2F
2-2: Ball
3-2: Base on Balls
Dexter Wooten to third
Dave MacGruder to second
Batting: RHB Ray Bray 0-0: Ball
1-0: Ball
2-0: Ball
3-0: Called Strike
3-1: Called Strike
3-2: SINGLE (Line Drive, 4M)
Dexter Wooten scores
Dave MacGruder to third
Edison Jones to second
Batting: RHB Cristián Ortega 0-0: SINGLE (Groundball, 5D) (infield hit)
Dave MacGruder scores
Edison Jones to third
Ray Bray to second
Batting: RHB Jeff Vickers 0-0: Swinging Strike
0-1: Ball
1-1: Ball
2-1: Ball
3-1: Base on Balls
Edison Jones scores
Ray Bray to third
Cristián Ortega to second
Pitching: RHP Jim McDonald
Batting: RHB Millard Ferguson 0-0: GRAND SLAM HOME RUN (Flyball, 9LD), Distance : 339 ft
Batting: LHB Larry Estes 0-0: DOUBLE (Line Drive, 8RM)
Batting: RHB Harold Allen 0-0: Called Strike
0-1: Ball
1-1: Ball
2-1: Foul Ball, location: 2F
2-2: Ball
3-2: Fly out, F2 (Popup, 2LF)
Batting: RHB Dexter Wooten 0-0: Ball
1-0: Called Strike
1-1: Foul Ball, location: 2F
1-2: Strikes out swinging
Top of the 6th over - 13 run(s), 9 hit(s), 1 error(s), 1 left on base; Tacoma HS 16 - Indianapolis HS 8
BOTTOM OF THE 6TH
Indianapolis HS Chaos batting - Pitching for Tacoma HS Torchmen : LHP Chad Waterman
Batting: RHB Johnny Becker 0-0: SINGLE (Flyball, 7S)
Batting: LHB Ben Donaldson 0-0: Called Strike
0-1: 2-RUN HOME RUN (Line Drive, 9D), Distance : 344 ft
Batting: RHB Patrice Charette 0-0: Reached on Error, E9 (Flyball, 9M)
Batting: SHB Mark Hendree 0-0: Called Strike
0-1: Ball
1-1: Foul Ball, location: 2F
1-2: 2-RUN HOME RUN (Flyball, 89XD), Distance : 389 ft
Batting: RHB Martin Hardy 0-0: Called Strike
0-1: Swinging Strike
0-2: SOLO HOME RUN (Line Drive, 8LXD), Distance : 440 ft
Batting: LHB Kyle Robbins 0-0: Ball
1-0: Ball
2-0: Ball
3-0: Base on Balls
Batting: RHB Zander von Strantz 0-0: Foul Ball, location: 2F
0-1: Ball
1-1: Fly out, F5 (Popup, 5S)
Batting: LHB Robert Lucas 0-0: Ball
1-0: Ball
Kyle Robbins is caught stealing 2nd base
2-0: Called Strike
2-1: Fly out, F9 (Flyball, 89M)
Bottom of the 6th over - 5 run(s), 4 hit(s), 1 error(s), 0 left on base; Tacoma HS 16 - Indianapolis HS 13
TOP OF THE 7TH
Tacoma HS Torchmen batting - Pitching for Indianapolis HS Chaos : RHP Jim McDonald
Batting: RHB Dave MacGruder 0-0: Ball
1-0: Ball
2-0: Ball
3-0: Base on Balls
Batting: RHB Edison Jones 0-0: Sac Bunt - play at first, batter OUT! 1-3
Dave MacGruder to second
Batting: RHB Ray Bray 0-0: Called Strike
0-1: Swinging Strike
0-2: Ball
1-2: Strikes out swinging
Batting: RHB Cristián Ortega 0-0: Called Strike
0-1: Called Strike
0-2: Ball
1-2: Strikes out swinging
Top of the 7th over - 0 run(s), 0 hit(s), 0 error(s), 1 left on base; Tacoma HS 16 - Indianapolis HS 13
BOTTOM OF THE 7TH
Indianapolis HS Chaos batting - Pitching for Tacoma HS Torchmen : LHP Chad Waterman
Pitching: LHP Enrique Movonda
Batting: SHB Mike Burke 0-0: Foul Ball, location: 2F
0-1: Ball
1-1: Ball
2-1: Ball
3-1: Base on Balls
Batting: RHB Johnny Becker 0-0: Fly out, F4 (Line Drive, 4M)
Batting: LHB Ben Donaldson 0-0: Ball
1-0: Foul Ball, location: 2F
1-1: Called Strike
1-2: Strikes out swinging
Batting: RHB Patrice Charette 0-0: Swinging Strike
0-1: Ball
1-1: SINGLE (Line Drive, 56D)
Mike Burke to second
Batting: SHB Mark Hendree 0-0: Ball
1-0: Ball
2-0: Swinging Strike
2-1: Ball
3-1: Foul Ball, location: 2F
3-2: Foul Ball, location: 2F
3-2: Foul Ball, location: 2F
3-2: Strikes out swinging passed ball, reaches first!
Mike Burke to third
Patrice Charette to second
Pitching: RHP Billy Gilstrap
Batting: RHB Martin Hardy 0-0: Called Strike
0-1: Ball
1-1: Fly out, F9 (Flyball, 89XD)
Bottom of the 7th over - 0 run(s), 1 hit(s), 0 error(s), 3 left on base; Tacoma HS 16 - Indianapolis HS 13
TOP OF THE 8TH
Tacoma HS Torchmen batting - Pitching for Indianapolis HS Chaos : RHP Jim McDonald
Batting: RHB Jeff Vickers 0-0: Called Strike
0-1: Ball
1-1: Ball
2-1: Called Strike
2-2: Foul Ball, location: 2F
2-2: Ball
3-2: SINGLE (Line Drive, 9LS)
Batting: RHB Millard Ferguson 0-0: Ball
Jeff Vickers steals 2nd base
1-0: Ball
2-0: Ball
3-0: Called Strike
3-1: Base on Balls
Batting: LHB Larry Estes 0-0: Ball
1-0: Ball
2-0: Ball
3-0: Called Strike
3-1: Foul Ball, location: 2F
3-2: Base on Balls
Jeff Vickers to third
Millard Ferguson to second
Pitching: RHP Siméon Goupil
Batting: RHB Harold Allen 0-0: Grounds into fielders choice 6-2 (Groundball, 6M)
Millard Ferguson to third
Larry Estes to second
Batting: RHB Dexter Wooten 0-0: Called Strike
0-1: Ball
1-1: Foul Ball, location: 2F
1-2: Ball
2-2: Strikes out swinging
Batting: RHB Dave MacGruder 0-0: Ball
1-0: Ball
2-0: Fly out, F7 (Flyball, 7M)
Top of the 8th over - 0 run(s), 1 hit(s), 0 error(s), 3 left on base; Tacoma HS 16 - Indianapolis HS 13
BOTTOM OF THE 8TH
Indianapolis HS Chaos batting - Pitching for Tacoma HS Torchmen : RHP Billy Gilstrap
Now at C: Steve Gómez
Batting: LHB Kyle Robbins 0-0: SINGLE (Groundball, 5D)
Batting: RHB Zander von Strantz 0-0: SINGLE (Groundball, 4MD)
Kyle Robbins to second
Batting: LHB Robert Lucas 0-0: Ball
1-0: Foul Ball, location: 2F
1-1: Ball
2-1: Foul Ball, location: 2F
2-2: Strikes out swinging
Batting: SHB Mike Burke 0-0: Ball
1-0: Foul Ball, location: 2F
1-1: Swinging Strike
1-2: Ball
2-2: Foul Ball, location: 2F
2-2: Ball
Wild Pitch!
Kyle Robbins to third
Zander von Strantz to second
3-2: Base on Balls
Pitching: RHP Anthony Adams
Batting: RHB Johnny Becker 0-0: SINGLE (Flyball, 89S)
Kyle Robbins scores
Zander von Strantz to third
Mike Burke to second
Batting: LHB Ben Donaldson 0-0: Ball
1-0: Ball
2-0: Foul Ball, location: 2F
2-1: Ball
3-1: Base on Balls
Zander von Strantz scores
Mike Burke to third
Johnny Becker to second
Batting: RHB Patrice Charette 0-0: SINGLE (Flyball, 9LS)
Mike Burke scores
Johnny Becker to third
Ben Donaldson to second
Batting: SHB Mark Hendree 0-0: Ball
1-0: Foul Ball, location: 2F
1-1: DOUBLE (Flyball, 7LD)
Johnny Becker scores
Ben Donaldson scores
Patrice Charette to third
Pitching: RHP Eric Wallace
Batting: RHB Martin Hardy 0-0: Called Strike
0-1: Ball
1-1: Ball
2-1: Swinging Strike
2-2: Strikes out looking
Batting: LHB Kyle Robbins 0-0: Foul Ball, location: 2F
0-1: Called Strike
0-2: Foul Ball, location: 2F
0-2: Strikes out swinging
Bottom of the 8th over - 5 run(s), 5 hit(s), 0 error(s), 2 left on base; Tacoma HS 16 - Indianapolis HS 18
TOP OF THE 9TH
Tacoma HS Torchmen batting - Pitching for Indianapolis HS Chaos : RHP Siméon Goupil
Pitching: RHP David Chapman
Batting: RHB Edison Jones 0-0: Swinging Strike
0-1: SINGLE (Line Drive, 8LS)
Batting: RHB Ray Bray 0-0: Ball
1-0: Ball
2-0: Ball
3-0: Base on Balls
Edison Jones to second
Batting: RHB Cristián Ortega 0-0: Sac Bunt - play at first, batter safe!
Edison Jones to third
Ray Bray to second
Batting: RHB Jeff Vickers 0-0: Ball
1-0: SINGLE (Groundball, 4MD)
Edison Jones scores
Ray Bray to third
Cristián Ortega to second
Batting: RHB Millard Ferguson 0-0: Ball
1-0: Ball
2-0: Ball
3-0: Base on Balls
Ray Bray scores
Cristián Ortega to third
Jeff Vickers to second
Batting: RHB Steve Gómez 0-0: Called Strike
0-1: Swinging Strike
0-2: Strikes out swinging
Batting: RHB Harold Allen 0-0: Ball
1-0: Ball
2-0: Ball
3-0: Base on Balls
Cristián Ortega scores
Jeff Vickers to third
Millard Ferguson to second
Batting: RHB Dexter Wooten 0-0: Fly out, F8 (Flyball, 8RM)
Runner from 3rd tags up, SCORES, no throw
Pitching: LHP Ryan Roach
Batting: RHB Dave MacGruder 0-0: Called Strike
0-1: Ball
1-1: Called Strike
1-2: Ball
2-2: Ball
3-2: Strikes out looking
Top of the 9th over - 4 run(s), 3 hit(s), 0 error(s), 2 left on base; Tacoma HS 20 - Indianapolis HS 18
BOTTOM OF THE 9TH
Indianapolis HS Chaos batting - Pitching for Tacoma HS Torchmen : RHP Eric Wallace
Pitching: LHP Bradley Hansen
Batting: RHB Zander von Strantz 0-0: Fly out, F9 (Flyball, 9M)
Batting: LHB Robert Lucas 0-0: Foul Ball, location: 2F
0-1: Swinging Strike
Reached via error on a dropped throw, E3
Batting: SHB Mike Burke 0-0: Ball
1-0: Ball
2-0: Called Strike
2-1: Foul Ball, location: 2F
2-2: Strikes out looking
Batting: RHB Johnny Becker 0-0: Ground out 5-3 (Groundball, 5)
Bottom of the 9th over - 0 run(s), 0 hit(s), 1 error(s), 1 left on base; Tacoma HS 20 - Indianapolis HS 18
This league is powered by Out of the Park Baseball, the baseball management simulation game for PC, Mac and Linux
Saturday, April 9th, 2016 - OOTP Baseball 16.8 Build 38